 Dungeon Crawl Stone Soup version 0.29-a0-320-g9f8742066b (webtiles) character file.

Game seed: 8671546483294670511

30 tilp the Chiller (level 3, 16/16 HPs)
             Began as a Felid Ice Elementalist on Apr 2, 2022.
             Quit the game on level 3 of the Dungeon.
             The game lasted 00:03:09 (2912 turns).

tilp the Chiller (Felid Ice Elementalist)           Turns: 2912, Time: 00:03:10

Health: 16/16      AC:  1    Str:  4    XL:     3   Next: 5%
Magic:  8/8        EV: 17    Int: 18    God:
Gold:   94         SH:  0    Dex: 16    Spells: 1/8 levels left
                                        Lives:  0   Deaths: 1

rFire   . . .      SeeInvis +   (weapon unavailable)
rCold   . . .      Faith    .   (shield unavailable)
rNeg    . . .      Spirit   .   (body armour unavailable)
rPois   .          Reflect  .   (helmet unavailable)
rElec   .          Harm     .   (cloak unavailable)
rCorr   .          Rampage  .   (gloves unavailable)
Will    .....                   (boots unavailable)
Stlth   ++........              (no amulet)
HPRegen 0.05/turn               (no ring)
MPRegen 0.11/turn               (no ring)

@: quick
A: very small, claws 1, fangs 3, see invisible, speed 1, shaggy fur 1, stealthy
paws, no weapons or thrown items, no armour, multi-lived
a: no special abilities


You were on level 3 of the Dungeon.
You visited 1 branch of the dungeon, and saw 3 of its levels.

You collected 94 gold pieces.

Inventory:

Wands
 g - a wand of acid (2)
Scrolls
 d - 2 scrolls of blinking
 h - a scroll of torment {unknown}
 i - a scroll of identify
 j - a scroll of teleportation
 k - a scroll of vulnerability
 l - a scroll of magic mapping {unknown}
Potions
 a - 2 potions of magic
 b - a potion of lignification
 c - a potion of curing
 e - a potion of attraction
 f - a potion of berserk rage


   Skills:
 + Level 1.8 Fighting
 - Level 2.6 Dodging
 - Level 2.6 Stealth
 - Level 3.0 Spellcasting
 + Level 4.1 Ice Magic


You had one spell level left.
You knew the following spells:

 Your Spells              Type           Power      Damage    Failure   Level
a - Freeze                Ice            68%        1d8       3%          1
b - Frozen Ramparts       Ice            34%        1d5       9%          3
c - Ozocubu's Armour      Ice            17%        N/A       9%          3

Your spell library contained the following spells:

 Spells                   Type           Power      Damage    Failure   Level
 Apportation              Tloc           4%         N/A       16%         1
 Pain                     Necr           8%         1d4       16%         1
 Hailstorm                Conj/Ice       10%        3d5       56%         4


Dungeon Overview and Level Annotations

Branches:
Dungeon (3/15)

Altars:
Vehumet

Annotations:
D:3 exclusion: statue


Innate Abilities, Weirdness & Mutations

You have sharp claws.
You have razor-sharp teeth.
You have supernaturally acute eyesight. (SInv)
You cover ground quickly. (Speed+)
You are covered in fur. (AC +1)
Your paws help you pounce on unaware monsters.
You are incapable of wielding weapons or throwing items.
You cannot wear armour.
You gain extra lives every three experience levels.


Message History

The frost-covered statue completely resists.
Unknown command.
You scratch the frost-covered statue.
The frost-covered statue is moderately damaged.
You scratch the frost-covered statue but do no damage.
You bite the frost-covered statue, but do no damage.
The frost-covered statue is moderately damaged.
You scratch the frost-covered statue.
The frost-covered statue is heavily damaged.
You scratch the frost-covered statue but do no damage.
The frost-covered statue is heavily damaged.
Your magical contamination has completely faded away.
You barely miss the frost-covered statue.
The frost-covered statue is heavily damaged.
You scratch the frost-covered statue but do no damage.
The frost-covered statue is heavily damaged.
You scratch the frost-covered statue but do no damage.
You bite the frost-covered statue, but do no damage.
The frost-covered statue is heavily damaged.
You scratch the frost-covered statue but do no damage.
The frost-covered statue is heavily damaged.
You feel better.
A red film seems to cover your vision as you go berserk!
You feel yourself moving faster!
You feel mighty!
The frost-covered statue gestures at you.
The puff of frost hits you!
* * * LOW HITPOINT WARNING * * *
You scratch the frost-covered statue.
The frost-covered statue is almost destroyed.
You scratch the frost-covered statue but do no damage.
The frost-covered statue is almost destroyed.
The frost-covered statue gestures at you.
The puff of frost hits you!
You die...
You are now level 3!
You rejoin the land of the living...
Unknown command.
Unknown command.
Unknown command.
Are you sure you want to abandon this character and quit the game? (Confirm with "yes".)

#.....##.<......##.#####.
#.######........##..)....
#########...#
#........########.
............# #.....####
#. #...........# #.....#
#. #...........# #.....#
####. #...........#
##'#### #....
#...........# ###.# #.###
#...........# #.@.# #.# #
#...........###.### #.# #
#............รท..# #.###
################# ##.#..
#..#.# #.##.# #....#
######


There were no monsters in sight!

Vanquished Creatures
  2 adders (D:2)
  A dart slug (D:1)
  6 endoplasms
  3 giant cockroaches (D:1)
  3 goblins
  4 hobgoblins
  6 jackals (D:3)
  2 kobolds (D:3)
  2 quokkas
  5 ball pythons (D:1)
  4 bats
  5 frilled lizards
  4 rats
47 creatures vanquished.

Notes
Turn   | Place    | Note
-------+----------+-------------------------------------------
     0 | D:1      | tilp the Felid Ice Elementalist began the quest for the
                  | Orb.
     0 | D:1      | Reached XP level 1. HP: 7/7 MP: 4/4
   555 | D:1      | Reached XP level 2. HP: 12/12 MP: 6/6
   591 | D:1      | Found a faded altar of an unknown god.
   882 | D:1      | Reached skill level 1 in Fighting
  1152 | D:1      | Reached XP level 3. HP: 15/15 MP: 8/8
  1156 | D:1      | Learned a level 3 spell: Frozen Ramparts
  1679 | D:2      | Got First Steps in Wizardry
  2336 | D:2      | Reached skill level 4 in Ice Magic
  2340 | D:2      | Learned a level 3 spell: Ozocubu's Armour
  2551 | D:3      | Reached XP level 4. HP: 19/19 MP: 5/9
  2888 | D:3      | Found a radiant altar of Vehumet.
  2888 | D:3      | Noticed a frost-covered statue
  2911 | D:3      | Killed from afar by a frost-covered statue
  2912 | D:3      | Reached XP level 3. HP: -2/24 MP: 7/8
  2912 | D:3      | Quit the game

Illustrated notes

Levels and vault maps discovered:
D:1:      minmay_arrival_pointy, layout_basic,
          dreamdust_ecumenical_altar_statues
D:2:      layout_basic
D:3:      layout_basic, vehumet_statue, minmay_pentangle

Skill      XL: |  1  2  3 |
---------------+----------+-----
Fighting       | 1 |  1.8
Spellcasting   | 3 |  3.0
Ice Magic      | 4 |  4.1
Dodging        | |  2.6
Stealth        | |  2.6

Action                   |  1- 3 |  4- 6 || total
-------------------------+-------+-------++-------
Melee: Unarmed           |    25 |    13 ||    38
       Bite              |     4 |     2 ||     6
       Punch             |     1 |       ||     1
 Cast: Freeze            |    40 |     7 ||    47
       Frozen Ramparts   |     4 |       ||     4
Evoke: Wand              |       |     2 ||     2
  Use: Scroll            |    10 |       ||    10
       Potion            |       |     2 ||     2
 Stab: Sleeping          |    16 |       ||    16
Armor: Skin              |     5 |       ||     5
Dodge: Dodged            |    35 |     2 ||    37

Table legend: (Time is in decaauts)
 A = Elapsed time spent in this place.
 B = Non-inter-level travel time spent in this place.
 C = Inter-level travel time spent in this place.
 D = Time resting spent in this place.
 E = Time spent auto-exploring this place.
 F = Levels seen in this place.
 G = Mean time per level.
                   A        B        C        D        E       F      G
               +--------+--------+--------+--------+--------+-----+--------+
         Total |   2579 |   2546 |     33 |    328 |   1905 |   3 |  859.7 |
       Dungeon |   2579 |   2546 |     33 |    328 |   1905 |   3 |  859.7 |
               +--------+--------+--------+--------+--------+-----+--------+

Top non-repeatable levels by time:
     D:1: 1387 daAuts
     D:2: 777 daAuts
     D:3: 414 daAuts
